 Dungeon Crawl Stone Soup version 0.30.1-3-gfc49f6343a (webtiles) character file.

Game seed: 803366755137422325

86 shmup the Firebug (level 4, -4/25 HPs)
             Began as a Tengu Fire Elementalist on Aug 6, 2023.
             Killed from afar by an orc wizard (8 damage)
             ... with a magic dart
             ... on level 2 of the Dungeon on Aug 7, 2023.
             The game lasted 00:08:24 (2093 turns).

shmup the Firebug (Tengu Fire Elementalist)         Turns: 2093, Time: 00:08:25

Health: -4/25      AC:  2    Str:  8    XL:     4   Next: 50%
Magic:  7/8        EV: 12    Int: 18    God:
Gold:   94         SH:  0    Dex: 14    Spells: 1/7 levels left

rFire   . . .        h - +0 short sword
rCold   . . .        (no shield)
rNeg    . . .        a - +0 robe
rPois   .            (helmet restricted)
rElec   .            (no cloak)
rCorr   .            (no gloves)
SInv    .            (boots unavailable)
Will    .....        (no amulet)
Stlth   +            i - ring of wizardry
HPRegen 0.24/turn    (no ring)
MPRegen 0.11/turn

%: wizardry (x1)
@: confused
A: beak, talons 3
a: no special abilities


You were on level 2 of the Dungeon.
You visited 1 branch of the dungeon, and saw 3 of its levels.

You collected 94 gold pieces.

Inventory:

Hand Weapons
 h - a +0 short sword (weapon)
Missiles
 d - 33 stones (quivered)
Armour
 a - a +0 robe (worn)
Jewellery
 i - a ring of wizardry (left hand)
Scrolls
 c - a scroll of fear
 g - a scroll of enchant armour {unknown}
 k - 2 scrolls of teleportation
 m - a scroll of amnesia {unknown}
 n - a scroll of silence {unknown}
Potions
 b - a potion of magic
 e - a potion of resistance {unknown}
 f - a potion of might {unknown}
 j - a potion of invisibility {unknown}
 l - a potion of lignification {unknown}


   Skills:
 + Level 1.2 Fighting
 + Level 2.8 Dodging
 - Level 2.0 Stealth
 - Level 2.0 Spellcasting
 - Level 2.8 Conjurations
 - Level 4.5 Fire Magic


You had one spell level left.
You knew the following spells:

 Your Spells              Type           Power      Damage    Failure   Level
a - Foxfire               Conj/Fire      60%        2x1d7     1%          1
b - Scorch                Fire           36%        2d6       1%          2
c - Inner Flame           Hex/Fire       10%        N/A       9%          3

Your spell library contained the following spells:

 Spells                   Type           Power      Damage    Failure   Level
 Beastly Appendage        Tmut           2%         N/A       8%          1
 Volatile Blastmotes      Fire/Tloc      20%        2d11      9%          3
 Wereblood                Tmut           1%         N/A       11%         2
 Flame Wave               Conj/Fire      15%        2d7       16%         4
 Spider Form              Tmut/Pois      1%         N/A       21%         3


Dungeon Overview and Level Annotations

Branches:
Dungeon (3/15) Zot: 15905

Altars:


Innate Abilities, Weirdness & Mutations

You have a beak for a mouth.
You have claws for feet.


Message History

You're too confused to cast spells.
The quokka bites you.
* * * LOW HITPOINT WARNING * * *
Unknown command.
You're too confused to cast spells.
Unknown command.
You bump into the rock wall.
The quokka barely misses you. Something hits you.
* * * LOW HITPOINT WARNING * * *
Unknown command.
You're too confused to move!
The quokka misses you. Something hits you.
* * * LOW HITPOINT WARNING * * *
The quokka barely misses you.
Unknown command.
You barely miss something. Your peck misses something.
You feel less confused. The quokka misses you.
Something hits you but does no damage.
Casting: Foxfire (safe; 1% risk of failure)
Confirm with . or Enter, or press ? or * to list all spells.
Flames lash the quokka.
The quokka is almost dead.
The quokka's fire resistance burns away.
The quokka bites you.
* * * LOW HITPOINT WARNING * * *
You hear some strange, mumbled words.
A puff of flame appears from out of thin air!
The puff of flame misses you.
You hit the quokka.
You kill the quokka!
You hear some strange, mumbled words.
Something tries to affect you, but you resist.
Something hits you.
* * * LOW HITPOINT WARNING * * *
You hear some strange, mumbled words.
Something tries to affect you, but you resist.
You hear some strange, mumbled words.
You are confused.
You're too confused to move!
A magic dart appears from out of thin air!
The magic dart hits you!
You die...

▒▒▒▒▒ ▒...▒
....▒▒▒▒▒▒▒▒▒▒
▒............▒
▒▒▒▒▒▒▒▒▒▒▒▒.▒
▒.▒▒▒▒▒
▒.....▒
▒▒▒▒▒.▒ ▒Q▒
▒▒▒▒▒▒▒ ▒.▒ ▒
▒.....▒
▒▒▒.▒▒▒
▒▒▒▒.....▒
▒.{...▒
...).....▒
▒.▒▒▒.▒
▒▒▒▒.....▒ ▒.▒
▒.▒ ...▒.....▒
▒.▒▒▒.▒
▒▒▒▒▒▒▒▒▒▒
▒.....▒ ▒
▒~▒...▒
▒▒▒.▒▒▒


There were no monsters in sight!

Vanquished Creatures
  3 adders
  3 dart slugs
  6 ball pythons
  An endoplasm (D:1)
  3 giant cockroaches
  4 goblins
  6 hobgoblins
  5 jackals (D:1)
  4 kobolds
  2 quokkas
  4 bats
  3 frilled lizards
  8 rats
52 creatures vanquished.

Vanquished Creatures (others)
  112 foxfires
112 creatures vanquished.

Grand Total: 164 creatures vanquished

Notes
Turn   | Place    | Note
-------+----------+-------------------------------------------
     0 | D:1      | shmup the Tengu Fire Elementalist began the quest for the
                  | Orb.
     0 | D:1      | Reached XP level 1. HP: 10/10 MP: 4/4
   182 | D:1      | Reached XP level 2. HP: 15/15 MP: 3/6
   307 | D:1      | Reached skill level 4 in Fire Magic
   618 | D:1      | Reached XP level 3. HP: 10/19 MP: 5/7
   659 | D:1      | Learned a level 2 spell: Scorch
  1240 | D:2      | Learned a level 3 spell: Inner Flame
  1471 | D:2      | Reached XP level 4. HP: 21/24 MP: 3/8
  1948 | D:3      | Reached skill level 1 in Fighting
  2093 | D:2      | Killed from afar by an orc wizard

Illustrated notes

Levels and vault maps discovered:
D:1:      minmay_arrival_loop, layout_loops_ring, serial_bayou_pond_e
D:2:      layout_loops_cross, chequers_serial_rivers_micro_b,
          minmay_close_crescents
D:3:      cheibrodos_greedy_goblins, layout_loops_cross, gup_sewer_entry_bowl,
          basic_ecumenical_altar, nicolae_half_adder

Skill      XL: |  1  2  3  4 |
---------------+-------------+-----
Conjurations   | 2 |  2.8
Fire Magic     | 4 |  4.5
Fighting       | 1 |  1.2
Dodging        | |  2.8
Stealth        | |  2.0
Spellcasting   | |  2.0

Action                     |  1- 3 |  4- 6 || total
---------------------------+-------+-------++-------
  Melee: Unarmed           |    10 |       ||    10
         Peck              |     2 |       ||     2
         Kick              |     2 |     3 ||     5
         Short sword       |     5 |     9 ||    14
   Cast: Foxfire           |    57 |     9 ||    66
         Scorch            |     2 |     5 ||     7
    Use: Scroll            |     1 |     1 ||     2
 Armour: Robe              |    10 |     5 ||    15
  Dodge: Dodged            |    48 |    20 ||    68
